 Dungeon Crawl Stone Soup version 0.20.1-1-g8b1a95d (webtiles) character file.

82 slep the Skirmisher (level 4, -5/37 HPs)
             Began as a Demonspawn Abyssal Knight on Oct 31, 2017.
             Was a Follower of Lugonu.
             Killed by nerve-wracking pain
             ... invoked by quirkyturtle's ghost
              (6 damage)
             ... on level 3 of the Dungeon.
             The game lasted 00:08:19 (1660 turns).

slep the Skirmisher (Demonspawn Abyssal Knight)     Turns: 1660, Time: 00:08:22

Health: -5/37      AC:  7    Str: 12    XL:     4   Next: 21%
Magic:  6/6        EV: 16    Int: 14    God:    Lugonu [*.....]
Gold:   88         SH:  0    Dex: 18    Spells: 3/3 levels left

rFire    . . .     SeeInvis .   e - +2 mace (drain)
rCold    . . .     Gourm    .   (no shield)
rNeg     + . .     Faith    .   i - +2 ring mail {rN+}
rPois    .         Spirit   .   (no helmet)
rElec    .         Reflect  .   (no cloak)
rCorr    .         Harm     .   (no gloves)
MR       .....                  (no boots)
Stlth    ++........             (no amulet)
Regen    0.2/turn               (no ring)
MPRegen  0.1/turn               (no ring)

@: agile
A: powered by death 1, sturdy frame 1
a: Depart the Abyss, Renounce Religion


You were on level 3 of the Dungeon.
You worshipped Lugonu.
Lugonu was aware of your devotion.
You were hungry.

You visited 1 branch of the dungeon, and saw 3 of its levels.
You visited the Abyss 1 time.

You collected 88 gold pieces.

Inventory:

Hand Weapons
 a - a +1 falchion
 e - a +2 mace of draining (weapon)
 p - a +2 whip of electrocution
Missiles
 f - 7 javelins (quivered)
Armour
 b - a +0 leather armour
 i - a +2 ring mail of positive energy (worn)
Jewellery
 h - an uncursed ring of protection from magic {unknown}
Scrolls
 l - a scroll of fog {unknown}
 m - a scroll of magic mapping {unknown}
 q - a scroll of remove curse {unknown}
Comestibles
 c - 3 bread rations
 k - 2 royal jellies
 n - a meat ration
 o - 4 fruits


   Skills:
 + Level 3.8 Fighting
 + Level 2.9 Long Blades
 + Level 2.1 Armour
 + Level 1.2 Dodging
 + Level 2.7 Invocations


You had 3 spell levels left.
You didn't know any spells.

Dungeon Overview and Level Annotations

Branches:
Dungeon (3/15)

Altars:
Gozag
Nemelex Xobeh
Vehumet

Annotations:
D:3 quirkyturtle's ghost, amateur DDNe


Innate Abilities, Weirdness & Mutations

You regenerate a little health from kills.
Your movements are slightly less encumbered by armour. (ER -2)


Message History

All of the chunks of flesh in your inventory have rotted away.
You barely miss quirkyturtle's ghost.
Quirkyturtle's ghost is lightly damaged.
Quirkyturtle's ghost hits you.
* * * LOW HITPOINT WARNING * * *
Quirkyturtle's ghost hits you.
* * * LOW HITPOINT WARNING * * *
You closely miss quirkyturtle's ghost.
Quirkyturtle's ghost is lightly damaged.
Quirkyturtle's ghost barely misses you.
You closely miss quirkyturtle's ghost.
Quirkyturtle's ghost is lightly damaged.
Quirkyturtle's ghost misses you.
You miss quirkyturtle's ghost.
Quirkyturtle's ghost is lightly damaged.
Quirkyturtle's ghost hits you.
* * * LOW HITPOINT WARNING * * *
Quirkyturtle's ghost gestures at you while chanting.
Pain shoots through your body!
You die...

####### ######...... ###
#........... ##.##
####..#..8..#.. ##.#.#####
#.....##)[.##..
########.###....###.#...#######..
..........#.###.@Wg.#...##$..##..
.......###.## ########..#.g8..#..
.##.#..###.# #..ggg......
...###.....# ######W##.#.
....#......####### #...Ws.W
.##..#.###........ #..####.
<..........####### .(.>......
.......#.### ........g.
#.......... ..........


You could see quirkyturtle's ghost and a gnoll.

Vanquished Creatures
  3 gnolls
  An adder (D:2)
  A worm (D:2)
  2 dart slugs (D:1)
  2 leopard geckos (D:1)
  2 giant cockroaches (D:3)
  5 goblins
  3 hobgoblins
  2 jackals (D:2)
  6 kobolds
  A bat (D:2)
  2 frilled lizards
  7 rats
37 creatures vanquished.

Notes
Turn   | Place    | Note
-------+----------+-------------------------------------------
     0 | Abyss:1  | slep the Demonspawn Abyssal Knight began the quest for the Orb.
     0 | Abyss:1  | Reached XP level 1. HP: 18/18 MP: 2/2
     2 | Abyss:1  | Noticed a catoblepas
     3 | Abyss:1  | Noticed a fire crab
     3 | Abyss:1  | Noticed a fire crab
    29 | D:1      | Escaped the Abyss
   153 | D:1      | Gained mutation: You regenerate a little health from kills. [demonic ancestry]
   153 | D:1      | Reached XP level 2. HP: 16/24 MP: 3/3
   188 | D:1      | Reached * piety under Lugonu
   481 | D:1      | HP: 1/24 [gnoll/spear (5)]
   482 | D:1      | Reached skill level 1 in Dodging
   495 | D:1      | Gained mutation: Your movements are slightly less encumbered by armour. (ER -2) [demonic ancestry]
   495 | D:1      | Reached XP level 3. HP: 4/29 MP: 3/5
   939 | D:2      | Found a sparkling altar of Nemelex Xobeh.
  1070 | D:2      | Found a radiant altar of Vehumet.
  1416 | D:2      | Found an opulent altar of Gozag.
  1600 | D:3      | Noticed quirkyturtle's ghost (amateur DDNe)
  1633 | D:3      | Reached XP level 4. HP: 35/37 MP: 6/6
  1660 | D:3      | HP: 1/37 [quirkyturtle's ghost (2)]
  1660 | D:3      | Killed from afar by quirkyturtle's ghost

Skill      XL: |  1  2 |
---------------+-------+-----
Armour         | 2 |  2.1
Long Blades    | 2 |  2.9
Dodging        | 1 |  1.2
Fighting       | |  3.8
Invocations    | |  2.7

Action                   |  1- 3 |  4- 6 || total
-------------------------+-------+-------++-------
Melee: Falchion          |    85 |     5 ||    90
       Mace              |       |    19 ||    19
Throw: Throwing net      |     3 |       ||     3
       Javelin           |    10 |       ||    10
Invok: Depart the Abyss  |     1 |       ||     1
  Use: Potion            |       |     2 ||     2
  Eat: Chunk             |     2 |       ||     2
Armor: Leather armour    |     8 |       ||     8
       Ring mail         |    33 |     9 ||    42
Dodge: Dodged            |    47 |     7 ||    54
       Rpst.: Falchion   |    12 |       ||    12
